 Seeded DCSS version 0.29.1-15-g9cfb28693d (webtiles) character file.

Game seed: 13213564861128879443 (custom seed)

151022 Smoke131 the Deadly Accurate (level 17, -11/147 (184) HPs)
             Began as an Ogre Gladiator on Mar 6, 2023.
             Was an Initiate of Gozag.
             Mangled by a spark wasp (13 damage)
             ... on level 4 of the Spider Nest.
             The game lasted 02:23:15 (63353 turns).

Smoke131 the Deadly Accurate (Ogre Gladiator)      Turns: 63353, Time: 02:23:16

HP:   -11/147 (184) AC: 23    Str: 28    XL:     17   Next: 55%
MP:   17/17         EV: 11    Int:  9    God:    Gozag
Gold: 982           SH: 14    Dex: 10    Spells: 16/16 levels left

rFire   + . .      SeeInvis +   c - +9 spear (venom)
rCold   . . .      Faith    .   u - +4 kite shield {rPois}
rNeg    . . .      Spirit   .   M - +0 acid dragon scales
rPois   +          Reflect  .   L - +2 hat {SInv}
rElec   .          Harm     .   h - +1 cloak
rCorr   +          Rampage  .   (gloves unavailable)
Will    +....                   (boots unavailable)
Stlth   +.........              (no amulet)
HPRegen 0.34/turn               i - +4 ring of protection
MPRegen 0.15/turn               H - +4 ring of protection

@: gold aura, heavily drained
A: large, unfitting armour, tough skin 1, horns 1, fire resistance 1, screaming
1
a: Renounce Religion, Potion Petition, Call Merchant, Bribe Branch


You were on level 4 of the Spider Nest.
You worshipped Gozag.
Gozag was pleased with you.
You visited 5 branches of the dungeon, and saw 27 of its levels.
You also visited: Sewer.

You collected 10725 gold pieces.
You spent 2526 gold pieces at shops.
You paid 7217 gold pieces to Gozag.

Inventory:

Hand Weapons
 c - a +9 spear of venom (weapon)
Missiles
 g - 5 curare-tipped darts
 l - 50 poisoned darts
 q - 18 boomerangs
 r - 5 atropa-tipped darts
 E - 4 throwing nets
 F - 5 silver javelins
 O - 58 large rocks (quivered)
Armour
 h - a +1 cloak (worn)
 u - a +4 kite shield of poison resistance (worn)
 L - a +2 hat of see invisible (worn)
 M - +0 acid dragon scales (worn)
Jewellery
 f - a ring of ice
 i - a +4 ring of protection (left hand)
 w - a ring of fire
 A - a ring of fire
 H - a +4 ring of protection (right hand)
 I - the ring of Xyamaih {rF+ rC+ EV+4 Dex+3 SInv}
   (You bought it in a shop on level 5 of the Dungeon)

   [ring of evasion]

   EV:        It affects your evasion (+4).
   Dex:       It affects your dexterity (+3).
   rF:        It protects you from fire.
   rC:        It protects you from cold.
   SInv:      It lets you see invisible.
 K - a ring of poison resistance
 R - a ring of protection from fire
 U - a ring of willpower
Wands
 k - a wand of light (11)
 o - a wand of mindburst (11)
 B - a wand of roots (24)
 J - a wand of flame (20)
 P - a wand of charming (15)
 Z - a wand of digging (4)
Scrolls
 d - 4 scrolls of fear
 e - 5 scrolls of poison
 t - 5 scrolls of enchant weapon
 y - 3 scrolls of fog
 D - 6 scrolls of teleportation
 Q - a scroll of silence
 T - 2 scrolls of vulnerability
 V - 3 scrolls of identify
 W - 2 scrolls of magic mapping
 Y - a scroll of brand weapon
Potions
 a - a potion of berserk rage
 b - a potion of invisibility
 m - 2 potions of cancellation
 n - 2 potions of haste
 p - 4 potions of might
 s - 8 potions of curing
 v - 4 potions of ambrosia
 x - 10 potions of brilliance
 z - 2 potions of attraction
 C - 3 potions of magic
 G - 3 potions of resistance
 S - 3 potions of lignification
 X - a potion of experience


   Skills:
 - Level 15.0 Fighting
 - Level 15.0 Polearms
 - Level 15.0 Throwing
 + Level 13.8 Armour
 - Level 9.0 Dodging
 - Level 10.0 Shields


You had 16 spell levels left.
You didn't know any spells.
Your spell library contained the following spells:

 Spells                   Type           Power      Damage    Failure   Level
 Apportation              Tloc           0%         N/A       65%         1
 Freeze                   Ice            0%         1d3       65%         1
 Necrotise                Necr           0%         1d4       65%         1
 Shock                    Conj/Air       0%         1d3       65%         1
 Summon Small Mammal      Summ           0%         N/A       65%         1
 Scorch                   Fire           0%         2d5       78%         2
 Sublimation of Blood     Necr           0%         N/A       78%         2
 Call Canine Familiar     Summ           0%         N/A       95%         3
 Confusing Touch          Hex            0%         N/A       95%         3
 Frozen Ramparts          Ice            0%         1d1       95%         3
 Portal Projectile        Hex/Tloc       0%         N/A       95%         3
 Summon Guardian Golem    Hex/Summ       0%         N/A       95%         3
 Tukima's Dance           Hex            0%         N/A       95%         3
 Vampiric Draining        Necr           0%         2d6       95%         3
 Flame Wave               Conj/Fire      0%         2d4       100%        4
 Hailstorm                Conj/Ice       0%         3d3       100%        4
 Leda's Liquefaction      Hex/Erth       0%         N/A       100%        4
 Passage of Golubria      Tloc           0%         N/A       100%        4
 Summon Lightning Spire   Summ/Air       0%         N/A       100%        4
 Agony                    Necr           0%         N/A       100%        5
 Blade Hands              Tmut           0%         N/A       100%        5
 Irradiate                Conj/Tmut      0%         3d11      100%        5
 Iskenderun's Battlesphe  Conj           0%         2d6       100%        5
 Silence                  Hex/Air        0%         N/A       100%        5
 Yara's Violent Unravell  Hex/Tmut       0%         3d3       100%        5
 Summon Cactus Giant      Summ           0%         N/A       100%        6
 Dragon Form              Tmut           0%         N/A       100%        7
 Enfeeble                 Hex            0%         N/A       100%        7
 Storm Form               Tmut/Air       0%         N/A       100%        7
 Borgnjor's Revivificati  Necr           0%         N/A       100%        8
 Lehudib's Crystal Spear  Conj/Erth      0%         10d2      100%        8
 Maxwell's Capacitive Co  Air            0%         ∞         100%        8
 Necromutation            Tmut/Necr      0%         N/A       100%        8


Dungeon Overview and Level Annotations

Branches:
Dungeon (15/15)            Temple (1/1) D:5            Lair (5/5) D:8
  Swamp (0/4) Lair:2       Spider (4/4) Lair:2        Slime (0/5) Lair:4
    Orc (2/2) D:10            Elf (0/3) Orc:2        Vaults (0/5) D:13
 Depths (0/4) D:15          Sewer (visited)

Altars:
Ashenzari
Cheibriados
Dithmenos
Elyvilon
Fedhas
Gozag
Hepliaklqana
Kikubaaqudgha
Makhleb
Nemelex Xobeh
Okawaru
Qazlal
Ru
Sif Muna
Trog
Uskayaw
Vehumet
Wu Jian
Xom
Yredelemnul
Zin
The Shining One
Jiyva

Shops:
D:3 !   D:5 =   D:6 (   D:7 !   D:8 (=*[([*   D:11 =   D:15 ?   Orc:1 *
Orc:2 [?=:

Annotations:
Lair:3 2 transporters, croobank's ghost, journeyman OpDe


Innate Abilities, Weirdness & Mutations

You are too large for most types of armour.
You have tough skin. (AC +1)
You have a pair of small horns on your head.
Your flesh is heat resistant. (rF+)
You occasionally shout uncontrollably at your foes.


Message History

You see here a large rock.
The spark wasp bursts into living lightning!
The living lightning misses you.
The spark wasp blinks!
The spark wasp attacks as you move away!
The spark wasp stings you. The spark wasp shocks you!
You closely miss the spark wasp. The spark wasp stings you!!
The spark wasp shocks you!
You hit the spark wasp but do no damage.
The spark wasp is poisoned.
Your headbutt misses the spark wasp. The spark wasp stings you!!
The spark wasp shocks you!
You closely miss the spark wasp.
The spark wasp is lightly wounded.
The spark wasp stings you! The spark wasp shocks you!
* * * LOW HITPOINT WARNING * * *
Throw: 61 large rocks
Press: ? - help, Q - select action, (/) - cycle Shift-Dir - straight line, f - spark wasp
Aim: a spark wasp (lightly wounded, very poisoned, 60% to hit)
You throw a large rock. The large rock hits the spark wasp!!
The spark wasp is moderately wounded.
The spark wasp closely misses you. You block the spark wasp's attack.
Throw: 60 large rocks
Press: ? - help, Q - select action, (/) - cycle Shift-Dir - straight line, f/p - spark wasp
Aim: a spark wasp (heavily wounded, very poisoned, 60% to hit)
You throw a large rock. The large rock hits the spark wasp!!
The spark wasp is severely wounded.
The spark wasp stings you but does no damage.
The spark wasp stings you!
* * * LOW HITPOINT WARNING * * *
The spark wasp shocks you!
* * * LOW HITPOINT WARNING * * *
Throw: 59 large rocks
Press: ? - help, Q - select action, (/) - cycle Shift-Dir - straight line, f/p - spark wasp
Aim: a spark wasp (severely wounded, very poisoned, 60% to hit)
You throw a large rock. The large rock hits the spark wasp.
The spark wasp is almost dead.
You block the spark wasp's attack. The spark wasp stings you!
* * * LOW HITPOINT WARNING * * *
The spark wasp shocks you!
You die...
Your body crumbles into a pile of gold.

## ### ###..
##.####
#....##(....##
.....$.y...^.#
.......@.....#
.............##
...^...<......#
.............^#
...........####
....^......^.
.^.....^^......
.$..............
................


You could see a spark wasp (very poisoned).

Vanquished Creatures
  Jorgrun (D:14)
  Gastronok (Lair:1)
  3 emperor scorpions (Spider:3)
  A frost giant (Orc:1)
  2 ghost moths (Spider:3)
  An orc warlord (Orc:2)
  2 spark wasps
  4 entropy weavers
  An ettin (Orc:1)
  A fire dragon (D:15)
  A rakshasa (D:13)
  7 hydras
  5 boulder beetles
  2 catoblepae
  An ice dragon (D:15)
  5 centaur warriors
  4 jorogumos
  3 two-headed ogres
  A radroach (Spider:2)
  6 orc high priests
  3 tengu warriors (D:13)
  8 pharaoh ants
  A swamp dragon (Lair:4)
  4 orb spiders
  8 orc knights
  4 steelbarb worms
  A spectral wolf spider (Spider:4)
  2 deep elf pyromancers (D:13)
  4 ugly things
  28 wolf spiders
  16 cyclopes
  4 orc sorcerers (Orc:2)
  2 manticores
  6 moths of wrath
  5 black mambas
  7 torpor snails
  17 elephants
  2 gargoyles
  7 cane toads
  9 yaktaurs
  3 unseen horrors
  An efreet (D:15)
  A kobold demonologist (D:13)
  An unseen horror (shapeshifter) (D:14)
  3 rime drakes
  16 demonic crawlers
  6 komodo dragons
  2 tengu conjurers
  6 meliai (Spider:3)
  6 hornets
  6 trolls
  A spectral culicivora (Spider:4)
  A spectral tarantella (Spider:4)
  16 tarantellas
  8 polar bears
  21 blink frogs
  A jumping spider zombie (Spider:4)
  A dream sheep (Lair:5)
  A tarantella zombie (Spider:4)
  37 jumping spiders
  A shadow (D:10)
  17 culicivoras
  A vampire (D:14)
  3 fire bats (Lair:2)
  3 wyverns
  12 spriggans
  3 wraiths
  38 yaks
  3 basilisks
  18 vampire mosquitoes
  48 redbacks
  Edmund (D:4)
  5 wargs (Orc:1)
  11 water moccasins
  46 orc warriors
  A swamp drake (Lair:4)
  3 black bears
  4 boggarts
  2 ice beasts
  15 ogres
  4 centaurs
  30 wolves
  A phantom (D:4)
  12 kobold brigands
  10 bullfrogs
  A scorpion (D:2)
  13 wights
  9 killer bees
  7 howler monkeys
  3 electric eels
  3 jellies
  A gnoll bouda (D:4)
  3 hounds
  30 orc priests
  2 iguanas
  18 orc wizards
  2 hell rats (Lair:2)
  8 gnolls
  12 adders
  11 river rats
  A white imp (D:5)
  2 ufetubi
  5 worms
  A dart slug (D:5)
  149 orcs
  16 endoplasms
  6 giant cockroaches
  6 goblins
  7 hobgoblins
  8 jackals
  4 quokkas
  9 ball pythons
  4 bats
  A frilled lizard (D:1)
  12 kobolds
  11 rats
  A butterfly (D:2)
986 creatures vanquished.

Vanquished Creatures (others)
  An orc (Orc:2)
  40 fungi
  47 plants
88 creatures vanquished.

Grand Total: 1074 creatures vanquished

Notes
Turn   | Place    | Note
-------+----------+-------------------------------------------
     0 | D:1      | Smoke131 the Ogre Gladiator began the quest for the Orb.
     0 | D:1      | Reached XP level 1. HP: 22/22 MP: 1/1
   188 | D:1      | Reached XP level 2. HP: 29/29 MP: 2/2
   708 | D:1      | Found a faded altar of an unknown god.
   978 | D:2      | Reached XP level 3. HP: 37/37 MP: 3/3
  1252 | D:2      | Noticed a scorpion
  1430 | D:1      | Reached skill level 1 in Armour
  1443 | D:1      | Reached XP level 4. HP: 31/45 MP: 4/4
  1635 | D:2      | Killed a scorpion
  1636 | D:2      | Reached XP level 5. HP: 28/54 MP: 5/5
  2029 | D:2      | Identified the +0 robe "Rierch" {+Inv}
  2272 | D:3      | Found a glowing drain.
  2352 | Sewer    | Entered a sewer
  2488 | Sewer    | Noticed a kobold brigand
  2509 | Sewer    | Killed a kobold brigand
  2565 | Sewer    | Noticed a kobold brigand
  2600 | Sewer    | Killed a kobold brigand
  2601 | Sewer    | Reached XP level 6. HP: 10/63 MP: 6/6
  3118 | Sewer    | Reached XP level 7. HP: 48/71 MP: 7/7
  3249 | Sewer    | Reached skill level 5 in Fighting
  4281 | D:3      | Found Olaecemn's Distillery.
  4661 | D:4      | Reached XP level 8. HP: 68/83 MP: 8/8
  4894 | D:4      | Noticed Edmund
  5205 | D:4      | Reached skill level 5 in Polearms
  5317 | D:4      | Killed Edmund
  5755 | D:5      | Entered Level 5 of the Dungeon
  6083 | D:5      | Identified the +1 robe "Qeihozig" {rC- rCorr Str+2}
  6114 | D:5      | Reached skill level 5 in Dodging
  6266 | D:5      | Found a bloodstained altar of Trog.
  6381 | D:5      | Found Naurr's Jewellery Shop.
  6481 | D:5      | Identified the +3 scale mail of Awextis {Dex+5}
  6806 | D:5      | Reached skill level 5 in Throwing
  7618 | D:5      | Found a staircase to the Ecumenical Temple.
  7669 | Temple   | Entered the Ecumenical Temple
  7982 | Temple   | Became a worshipper of Gozag Ym Sagoz the Greedy
  8902 | D:6      | Reached XP level 9. HP: 57/66 MP: 9/9
 10288 | D:6      | Found Zouth's Weapon Shoppe.
 10616 | D:6      | Found a hazy altar of Hepliaklqana.
 10623 | D:6      | Found a glowing golden altar of the Shining One.
 13414 | D:7      | Noticed a manticore
 13432 | D:7      | Killed a manticore
 13668 | D:7      | Found Aqepych's Distillery.
 13719 | D:7      | Got the Quarto of the Mausoleum
 13991 | D:8      | Found Raetsut's Assorted Antiques.
 14225 | D:8      | Reached XP level 10. HP: 102/106 MP: 10/10
 14261 | D:8      | Reached skill level 5 in Armour
 14370 | D:8      | Found a staircase to the Lair.
 14629 | D:8      | Noticed an elephant
 14734 | D:7      | Killed an elephant
 16755 | D:9      | Found a basalt altar of Yredelemnul.
 16824 | D:9      | Reached skill level 10 in Fighting
 16824 | D:9      | Reached XP level 11. HP: 113/117 MP: 11/11
 17342 | D:5      | Bought the ring of Xyamaih {rF+ rC+ EV+4 Dex+3 SInv} for
                  | 810 gold pieces
 17342 | D:5      | Bought a ring of poison resistance for 240 gold pieces
 17425 | D:10     | Entered Level 10 of the Dungeon
 17767 | D:10     | Noticed a two-headed ogre
 18950 | D:10     | Found a staircase to the Orcish Mines.
 20064 | D:10     | Killed a two-headed ogre
 20183 | D:8      | Bought a scroll labelled SOVONA XONANO for 27 gold pieces
 20183 | D:8      | Bought a scroll of identify for 54 gold pieces
 20183 | D:8      | Bought a scroll of identify for 54 gold pieces
 20457 | Lair:1   | Entered Level 1 of the Lair of Beasts
 20554 | Lair:1   | Noticed a boulder beetle
 20598 | Lair:1   | Killed a boulder beetle
 21261 | Lair:1   | Noticed a catoblepas
 21290 | Lair:1   | Killed a catoblepas
 22154 | Lair:2   | Noticed Gastronok
 22182 | Lair:1   | Reached XP level 12. HP: 62/126 MP: 12/12
 22456 | Lair:1   | Killed Gastronok
 22542 | Lair:2   | You fall into a shaft and drop 1 floor!
 22876 | Lair:2   | Identified a scroll of acquirement
 22876 | Lair:2   | Acquired a +0 kite shield of poison resistance
 22910 | Lair:2   | Found a hole to the Spider Nest.
 22944 | Lair:2   | Noticed an eight-headed hydra
 22959 | Lair:2   | Noticed a five-headed hydra
 23065 | Lair:2   | Found a staircase to the Swamp.
 23161 | Lair:2   | Reached skill level 1 in Shields
 23818 | Lair:2   | Killed a five-headed hydra
 23819 | Lair:2   | Reached skill level 10 in Polearms
 24157 | Lair:2   | Killed an eight-headed hydra
 24364 | Lair:2   | Reached skill level 10 in Throwing
 25516 | Lair:3   | Found a transporter.
 25579 | Lair:3   | Found a transporter.
 25587 | Lair:3   | Noticed croobank's ghost (journeyman OpDe)
 25610 | Lair:3   | Found a bloodstained altar of Trog.
 26414 | D:8      | Bought 4 large rocks for 39 gold pieces
 26729 | D:6      | Bought a +9 spear for 600 gold pieces
 27028 | Lair:3   | Reached skill level 5 in Shields
 27053 | Lair:3   | Reached XP level 13. HP: 95/133 MP: 13/13
 27596 | Lair:4   | Found a runed translucent door.
 27596 | Lair:4   | Found a viscous altar of Jiyva.
 27600 | Lair:4   | Found a staircase to the Slime Pits.
 29589 | Lair:5   | Entered Level 5 of the Lair of Beasts
 29591 | Lair:5   | Identified the +1 leather armour "Leota" {rPois}
 30656 | Lair:4   | Reached skill level 10 in Armour
 31553 | Lair:5   | Reached XP level 14. HP: 143/143 MP: 14/14
 31620 | Lair:5   | Paralysed by a hornet for 2 turns
 32080 | D:8      | Bought +0 acid dragon scales for 560 gold pieces
 32426 | Lair:4   | Reached skill level 10 in Shields
 33657 | Orc:1    | Entered Level 1 of the Orcish Mines
 34139 | Orc:1    | Gained mutation: You do not regenerate when monsters are
                  | visible. [a neqoxec]
 35204 | Orc:1    | Identified the +5 shortbow "Lomeo" {vorpal, rPois Str+3}
 35566 | Orc:1    | Noticed a frost giant
 35586 | Orc:1    | Killed a frost giant
 36284 | Orc:2    | Entered Level 2 of the Orcish Mines
 36922 | Orc:1    | Found Joestrun's Assorted Antiques.
 38071 | Orc:2    | Found Uxkitongi's Jewellery Boutique.
 38202 | Orc:2    | Found Leorawn's Book Shop.
 38877 | Orc:2    | Found the +15 Maxwell's patent armour {-Cast -Tele rElec
                  | Will+ rCorr}
 38896 | Orc:2    | Reached XP level 15. HP: 140/149 MP: 15/15
 39234 | Orc:2    | Found a staircase to the Elven Halls.
 39661 | Orc:2    | Noticed an orc warlord
 39673 | Orc:2    | Killed an orc warlord
 40744 | Orc:2    | Found Tisuff's Armour Shop.
 40871 | Orc:2    | Found Laor's Magic Scroll Emporium.
 40878 | Orc:2    | Reached skill level 15 in Throwing
 41014 | Orc:2    | Bought a scroll of teleportation for 33 gold pieces
 41452 | Spider:1 | Entered Level 1 of the Spider Nest
 41939 | Lair:2   | Lost mutation: You do not regenerate when monsters are
                  | visible. [potion of mutation]
 41939 | Lair:2   | Gained mutation: You have a pair of small horns on your
                  | head. [potion of mutation]
 41939 | Lair:2   | Gained mutation: You occasionally shout uncontrollably at
                  | your foes. [potion of mutation]
 41939 | Lair:2   | Gained mutation: Your flesh is heat resistant. (rF+)
                  | [potion of mutation]
 42445 | D:8      | Bought a scroll of teleportation for 45 gold pieces
 43547 | Spider:1 | Identified the +1 pair of boots "Xeipeeke" {Fly rN+ Regen+
                  | Slay-2}
 47040 | Spider:3 | Got the Codex of Harmful Heat
 47054 | Spider:3 | Reached XP level 16. HP: 161/165 MP: 16/16
 50349 | D:11     | Found Iliemott's Jewellery Shop.
 54616 | D:13     | Found a gate to the Vaults.
 54821 | D:14     | Noticed Jorgrun
 54845 | D:14     | Killed Jorgrun
 56132 | D:14     | Found a sacrificial altar of Ru.
 56163 | D:15     | Entered Level 15 of the Dungeon
 56497 | D:15     | Found Okit Ofa's Magic Scroll Shop.
 56501 | D:15     | Bought a scroll of fear for 64 gold pieces
 56565 | D:15     | Found a staircase to the Depths.
 56912 | D:15     | Found a sparkling altar of Nemelex Xobeh.
 57370 | Spider:4 | Entered Level 4 of the Spider Nest
 57381 | Spider:3 | Reached XP level 17. HP: 92/176 MP: 17/17
 58074 | Spider:3 | Reached skill level 15 in Fighting
 59755 | Spider:3 | Reached skill level 15 in Polearms
 62569 | Spider:4 | Identified the +1 helmet of the Bouncing Youths {rF+ SInv}
 62606 | Spider:4 | HP: 4/143 [spectral wolf spider (3)]
 63353 | Spider:4 | HP: 2/147 [spark wasp (13)]
 63353 | Spider:4 | Mangled by a spark wasp

Illustrated notes

Levels and vault maps discovered:
D:1:      eino_arrival_druids_welcome, layout_loops_ring,
          chequers_ecumenical_altar_simple
D:2:      layout_basic, hangedman_glass_garden
D:3:      layout_rooms, serial_shops, nicolae_shop_waterfront,
          cheibrodos_sewer_entry_drain
D:4:      layout_basic, uniq_edmund
D:5:      layout_basic, trog_book, minmay_temple_entry_purple_smoke,
          serial_shops, kennysheep_little_box, roderic_lattice_a,
          minmay_misc_feat_diagonals, fountainhead, minmay_liquid_box,
          chequers_arboretum, grunt_decor_cap
D:6:      layout_cave_pools, mainiacjoe_overflow_big_doors,
          nicolae_inconvenience_store
D:7:      layout_basic, serial_shops, nicolae_square_shop
D:8:      layout_rooms, david_lair_generic, serial_shops,
          nicolae_shop_statue_plus
D:9:      layout_basic, old_standard_altar
D:10:     layout_roguey [special_room_orc], erik_orc_3
D:11:     layout_grid_maze, nicolae_take_the_stairs, lightli_minifort
D:12:     layout_irregular_city
D:13:     layout_long_grid, hangedman_vaults_entry_quadrant_bands,
          kennysheep_generic_room_10
D:14:     layout_long_grid, nicolae_ru_the_path_less_chosen, patterned_corridor,
          uniq_jorgrun
D:15:     grunt_enter_depths_hoard, layout_stronghold,
          nemelex_spade_bored_becter, serial_shops, shop
Temple:   dpeg_five_rooms_temple
Lair:1:   layout_concentric_octagons, serial_bayou_pond_d, serial_bayou_shore_b,
          serial_bayou_shore_b
Lair:2:   layout_gridlike, minmay_swamp_entry_swarm, spider_nest_entry_webs,
          kennysheep_rathole, uniq_gastronok
Lair:3:   layout_hall_layers, gammafunk_ghost_wrathful_warriors
Lair:4:   layout_regular_city, slime_entry_2, pond, lemuel_fruit_tree
Lair:5:   minmay_lair_end_enchanted_forest, layout_regular_city, ldierk_geyser
Spider:1: layout_spider_delve, drop_trap
Spider:2: layout_spider_delve, nicolae_crawler_farm
Spider:3: layout_spider_delve
Spider:4: floodkiller_spider_rune_tomb, nicolae_spider_nook
Orc:1:    giant_chief_lemuel, layout_diamond_mine, serial_shops, shop_coins
Orc:2:    pubby_orc_utopia

Skill      XL: |  1  2  3  4  5  6  7  8  9 10 11 12 13 14 15 16 17 |
---------------+----------------------------------------------------+-----
Fighting       | 3 4 5 7 8 10 12 14 15 | 15.0
Dodging        | 3 4 5 6 7 8 9 |  9.0
Armour         | 1 2 3 4 6 7 9 10 11 12 13 | 13.8
Throwing       | 3 4 5 6 7 9 10 14 15 | 15.0
Polearms       | 4 5 6 8 9 10 11 12 13 14 15 | 15.0
Shields        | 5 8 10 | 10.0

Action                   |  1- 3 |  4- 6 |  7- 9 | 10-12 | 13-15 | 16-18 || total
-------------------------+-------+-------+-------+-------+-------+-------++-------
Melee: Trident           |   117 |   144 |   472 |       |       |       ||   733
       Punch             |       |     1 |     9 |    19 |       |       ||    29
       Spear             |       |       |   200 |  1083 |  1944 |   845 ||  4072
       Headbutt          |       |       |       |       |   121 |   226 ||   347
Throw: Large rock        |     1 |       |       |       |    96 |   247 ||   344
       Dart              |       |       |    79 |    92 |     2 |       ||   173
       Boomerang         |       |       |     8 |    51 |    62 |       ||   121
       Throwing net      |       |       |     3 |     1 |       |       ||     4
Invok: Potion Petition   |       |       |       |     1 |       |     3 ||     4
       Call Merchant     |       |       |       |     1 |     4 |     1 ||     6
Evoke: Wand              |       |       |       |       |     2 |       ||     2
  Use: Potion            |     1 |     1 |     4 |     4 |     8 |     7 ||    25
       Scroll            |       |     3 |    11 |    19 |     5 |    12 ||    50
 Stab: Held in net/web   |       |       |     1 |       |       |       ||     1
       Distracted        |       |       |       |     5 |     2 |     3 ||    10
Armor: Robe              |    65 |    32 |   163 |   348 |   198 |       ||   806
       Acid dragon scale |       |       |       |       |   583 |   692 ||  1275
Dodge: Dodged            |    80 |    45 |   344 |   471 |   707 |   478 ||  2125
Block: Kite shield       |       |       |       |   104 |   765 |   606 ||  1475
